 Dungeon Crawl Stone Soup version 0.23-a0-701-gd76f34b (webtiles) character file.

9219 Lanoc the Carver (level 11, -4/84 HPs)
             Began as a Demonspawn Berserker on Jan 12, 2019.
             Was an Elder of Trog.
             Slain by a skeletal warrior
             ... wielding a +0 trident
              (18 damage)
             ... on level 11 of the Dungeon.
             The game lasted 00:28:21 (9805 turns).

Lanoc the Carver (Demonspawn Berserker)             Turns: 9805, Time: 00:28:22

Health: -4/84      AC:  9    Str: 30    XL:     11   Next: 20%
Magic:  0/11       EV: 15    Int:  8    God:    Trog [****..]
Gold:   419        SH:  5    Dex: 13    Spells: 10/10 levels left

rFire    + . .     SeeInvis .   G - +0 scimitar
rCold    . . .     Gourm    .   j - +0 buckler (curse)
rNeg     . . .     Faith    .   y - +0 ring mail "Qietoid" {Str+9} (curse)
rPois    .         Spirit   +   (no helmet)
rElec    .         Reflect  .   o - scarf {Spirit}
rCorr    .         Harm     .   (no gloves)
MR       ++...                  (no boots)
Stlth    ++++......             l - amulet of inaccuracy (curse)
HPRegen  2.24/turn              p - ring of protection from fire
MPRegen  0.12/turn              z - ring of attention (curse)

@: berserk cooldown, regenerating, slowed, studying Bows, very slow
A: talons 2, molten scales 2, nightstalker 2, powered by death 1
a: Berserk, Trog's Hand, Brothers in Arms, Renounce Religion


You were on level 11 of the Dungeon.
You worshipped Trog.
Trog was greatly pleased with you.
You were near starving.

You visited 1 branch of the dungeon, and saw 11 of its levels.
You also visited: Sewer.

You collected 464 gold pieces.
You spent 45 gold pieces at shops.

Inventory:

Hand Weapons
 A - a +0 great sword
 C - a +0 shortbow
 G - a +0 scimitar (weapon)
Missiles
 D - 25 arrows
Armour
 j - a cursed +0 buckler (worn)
 o - a scarf of spirit shield (worn)
 u - a +2 plate armour of fire resistance
 y - the cursed +0 ring mail "Qietoid" (worn) {Str+9}
   (You found it on level 7 of the Dungeon)

   It affects your strength (+9).
   It has a curse placed upon it.
Jewellery
 l - a cursed amulet of inaccuracy (around neck)
 p - a ring of protection from fire (left hand)
 z - a cursed ring of attention (right hand)
Wands
 d - a wand of random effects (11)
 g - a wand of paralysis (10)
 k - a wand of disintegration (18)
 t - a wand of acid (7)
 v - a wand of polymorph (11)
Scrolls
 h - 9 scrolls of teleportation
 m - a scroll of enchant weapon
 s - a scroll of fear
 E - a scroll of identify
Potions
 a - 3 potions of heal wounds
 b - 7 potions of magic
 e - 3 potions of might
 f - 3 potions of curing
 i - a potion of ambrosia
 n - a potion of flight
 q - a potion of brilliance
 r - 5 potions of haste
 x - 2 potions of lignification
 B - 2 potions of cancellation
Books
 w - a manual of Bows
Comestibles
 c - 8 rations
 F - 5 chunks of flesh


   Skills:
 + Level 7.5 Fighting
 * Level 9.5 Long Blades
 + Level 6.6 Armour
 + Level 6.6 Dodging
 + Level 6.6 Stealth
 - Level 4.0 Shields


You had 10 spell levels left.
You didn't know any spells.
Your spell library was empty.

Dungeon Overview and Level Annotations

Branches:
Dungeon (11/15)              Lair (0/6) D:10            Orc (0/2) D:11
 Temple: D:4-7

Altars:
Ashenzari
Elyvilon
Fedhas
Nemelex Xobeh
Trog
Yredelemnul

Shops:
D:7 !


Innate Abilities, Weirdness & Mutations

You have razor-sharp toenails.
You are mostly covered in molten scales. (AC +3)
You are significantly more attuned to the shadows.
You regenerate a little health from kills.


Message History

The skeletal warrior hits you from afar with a +0 trident.
* * * LOW HITPOINT WARNING * * *
Your ogre completely misses the skeletal warrior.
The orc warrior hits your ogre with a +0 battleaxe!
Your ogre hits the orc warrior with a +0 giant club!!
The orc hits your ogre with a +0 dagger.
The orc warrior barely misses your ogre.
Your ogre barely misses the orc.
You hear a shout! x4
You hear the thunderous beating of a very distant drum.
You hear a shout!
The orc hits your ogre but does no damage.
Your ogre hits the orc with a +0 giant club!
The orc dies!
Trog accepts your kill. The orc hits your ogre.
The orc warrior hits your ogre with a +0 battleaxe!
The orc warrior barely misses your ogre.
The skeletal warrior hits you from afar with a +0 trident!!
You die...

.#. #?.# .# #..# O.
.# .#..# #..###
#.##.## ##..#
#....###...... #...#
#.......o..... ....#
#.##..Oo)o.... ....#
#......zO..# ####
#.######z..# # #.#
#@..# # #.# ####...#
# ##.##.......# #
#...........#
########..##.##.....
.....................
########.###.##.. #
### ## #


You could see 2 skeletal warriors, an orc warrior, 2 orcs and 2 friendly ogres.

Vanquished Creatures
  A death knight (D:11)
  A two-headed ogre (D:8)
  A manticore (D:11)
  A centaur zombie (D:11)
  3 trolls
  Grinder (D:6)
  3 yaks (D:9)
  2 wraiths (D:11)
  A hungry ghost (D:10)
  Menkaure (D:6)
  A water moccasin (D:9)
  6 orc warriors
  2 porcupines (D:10)
  5 ice beasts
  5 sky beasts
  3 phantoms
  3 black bears
  4 ogres
  An eye of draining (D:8)
  3 centaurs
  A big kobold (D:7)
  2 wyvern zombies
  8 bullfrogs
  2 electric eels
  5 crimson imps
  A bullfrog zombie (D:5)
  A quasit (D:9)
  3 jellies
  9 orc priests
  5 hounds
  3 bullfrog skeletons
  3 centaur skeletons
  9 orc wizards
  Natasha (D:2)
  5 worker ants
  A hound skeleton (D:9)
  19 adders
  4 gnolls
  3 river rats (Sewer)
  A shadow imp (D:3)
  2 oozes
  An adder zombie (D:6)
  An adder skeleton (D:9)
  2 worms
  6 leopard geckos
  33 orcs
  9 giant cockroaches
  5 goblins
  7 hobgoblins
  7 jackals
  8 kobolds
  4 quokkas
  16 ball pythons
  8 bats
  7 frilled lizards
  A quokka skeleton (D:9)
  27 rats
278 creatures vanquished.

Vanquished Creatures (collateral kills)
  A bullfrog (D:11)
  An orc (D:11)
2 creatures vanquished.

Vanquished Creatures (others)
  An electric eel (D:11)
  An orc priest (D:11)
  An orc (D:11)
3 creatures vanquished.

Grand Total: 283 creatures vanquished

Notes
Turn   | Place    | Note
-------+----------+-------------------------------------------
     0 | D:1      | Lanoc the Demonspawn Berserker began the quest for the Orb.
     0 | D:1      | Reached XP level 1. HP: 18/18 MP: 1/1
   282 | D:1      | Gained mutation: You are slightly more attuned to the
                  | shadows. [demonic ancestry]
   282 | D:1      | Reached XP level 2. HP: 9/24 MP: 2/2
   389 | D:1      | Reached skill level 3 in Long Blades
   713 | D:1      | Gained mutation: You are significantly more attuned to the
                  | shadows. [demonic ancestry]
   713 | D:1      | Reached XP level 3. HP: 22/29 MP: 3/3
  1238 | D:2      | Reached ** piety under Trog
  1252 | D:2      | Gained mutation: You have sharp toenails. [demonic
                  | ancestry]
  1252 | D:2      | Reached XP level 4. HP: 17/35 MP: 4/4
  1488 | D:2      | Found a blossoming altar of Fedhas.
  1623 | D:2      | Noticed Natasha
  1630 | D:2      | Killed Natasha
  1630 | D:2      | Reached skill level 1 in Stealth
  1660 | D:2      | Found a basalt altar of Yredelemnul.
  2138 | D:3      | Gained mutation: You are partially covered in molten
                  | scales. (AC +2) [demonic ancestry]
  2138 | D:3      | Reached XP level 5. HP: 12/41 MP: 5/5
  2640 | D:4      | Found a bloodstained altar of Trog.
  2640 | D:4      | Found a white marble altar of Elyvilon.
  2640 | D:4      | Found a sparkling altar of Nemelex Xobeh.
  2717 | D:5      | Entered Level 5 of the Dungeon
  2813 | D:5      | Reached skill level 4 in Long Blades
  2894 | D:5      | Noticed a centaur
  2909 | D:5      | Killed a centaur
  2909 | D:5      | Reached skill level 1 in Shields
  2909 | D:5      | Gained mutation: You are mostly covered in molten scales.
                  | (AC +3) [demonic ancestry]
  2909 | D:5      | Reached XP level 6. HP: 41/48 MP: 6/6
  2934 | D:5      | Found a glowing drain.
  2981 | Sewer    | Entered a sewer
  3091 | Sewer    | Reached *** piety under Trog
  3436 | Sewer    | Gained mutation: You regenerate a little health from kills.
                  | [demonic ancestry]
  3436 | Sewer    | Reached XP level 7. HP: 54/54 MP: 7/7
  3604 | D:5      | Reached **** piety under Trog
  4063 | D:5      | Reached skill level 5 in Long Blades
  4186 | D:6      | Noticed Grinder
  4196 | D:6      | Killed Grinder
  4237 | D:6      | Reached XP level 8. HP: 57/61 MP: 8/8
  4550 | D:6      | Noticed Menkaure
  4557 | D:6      | Killed Menkaure
  4612 | D:6      | Reached skill level 6 in Long Blades
  4781 | D:6      | Reached skill level 5 in Fighting
  5436 | D:7      | Reached XP level 9. HP: 68/68 MP: 9/9
  5611 | D:7      | Found Cesmejoh's Distillery.
  5616 | D:7      | Bought a potion of lignification for 45 gold pieces
  5893 | D:7      | Got a brightly glowing ring mail
  5904 | D:7      | Identified the cursed +0 ring mail "Qietoid" {Str+9} (You
                  | found it on level 7 of the Dungeon)
  5920 | D:7      | Reached skill level 7 in Long Blades
  6034 | D:7      | Reached ***** piety under Trog
  6034 | D:7      | Reached skill level 5 in Dodging
  6349 | D:8      | You fall through a shaft for 2 floors!
  6349 | D:10     | Entered Level 10 of the Dungeon
  6356 | D:10     | Reached skill level 5 in Armour
  6418 | D:9      | Noticed a troll
  6424 | D:9      | Killed a troll
  6424 | D:9      | Received a gift from Trog
  6549 | D:9      | Reached skill level 5 in Stealth
  6873 | D:9      | Gained mutation: You have razor-sharp toenails. [demonic
                  | ancestry]
  6873 | D:9      | Reached XP level 10. HP: 67/76 MP: 10/10
  7129 | D:9      | Reached skill level 8 in Long Blades
  7439 | D:8      | Noticed a two-headed ogre
  7445 | D:8      | Killed a two-headed ogre
  7639 | D:8      | Found a shattered altar of Ashenzari.
  8517 | D:10     | Reached skill level 9 in Long Blades
  9267 | D:10     | Found a staircase to the Lair.
  9541 | D:11     | Noticed a manticore
  9544 | D:11     | Noticed a death knight
  9554 | D:11     | Killed a manticore
  9554 | D:11     | Reached XP level 11. HP: 84/84 MP: 6/11
  9561 | D:11     | Killed a death knight
  9611 | D:11     | Received a gift from Trog
  9632 | D:11     | Found a staircase to the Orcish Mines.
  9780 | D:11     | Noticed a skeletal warrior
  9782 | D:11     | Noticed a skeletal warrior
  9785 | D:11     | Noticed a skeletal warrior
  9805 | D:11     | Slain by a skeletal warrior

Vault maps used:
D:1:      sevenhm_arrival_forest_fort_small_3
D:2:      marbit_many_paths, fedhas_ov_isle_minmay, uniq_natasha
D:3:      first_ration, kennysheep_generic_room_10
D:4:      nicolae_overflow_hidden_temple, minmay_temple_entry_trees,
          serial_park, serial_park_paths, serial_park_square3,
          serial_park_gazebo, serial_park_tiny_1
D:5:      portal_sewer_entry_f, st_stairs_5, corexii_mini_fake_secret_closet
D:6:      minmay_angry_zag, uniq_grinder, uniq_menkaure
D:7:      serial_shops, shop, minmay_manual_mail
D:8:      lemuel_round_altar
D:10:     grunt_lair_entry_orc_guard_hut
D:11:     gammafunk_ghost_spectres, gauntlet_entry_generic, special_room,
          hangedman_stone_soup, minmay_radiant
Sewer:    sewer_minmay_w

Skill      XL: |  1  2  3  4  5  6  7  8  9 10 |
---------------+-------------------------------+-----
Long Blades    | 3 4 5 6 7 9 |  9.5
Armour         | 2 3 4 5 6 |  6.6
Dodging        | 2 3 4 5 6 |  6.6
Stealth        | 1 2 3 4 5 6 |  6.6
Shields        | 1 2 3 4 |  4.0
Fighting       | 4 5 6 7 |  7.5

Action                   |  1- 3 |  4- 6 |  7- 9 | 10-12 || total
-------------------------+-------+-------+-------+-------++-------
Melee: Falchion          |    87 |    72 |       |       ||   159
       Kick              |       |    39 |   132 |   113 ||   284
       Long sword        |       |   154 |   388 |   215 ||   757
       Scimitar          |       |       |       |    72 ||    72
Invok: Berserk           |     2 |     8 |    12 |     9 ||    31
       Trog's Hand       |       |     1 |     2 |     3 ||     6
       Brothers in Arms  |       |       |       |     3 ||     3
  Use: Scroll            |       |     5 |    11 |     2 ||    18
 Stab: Sleeping          |     7 |    12 |     5 |    23 ||    47
  Eat: Chunk             |     2 |    15 |    17 |    13 ||    47
       Ration            |       |       |     2 |     2 ||     4
Armor: Animal skin       |    27 |     6 |       |       ||    33
       Ring mail         |       |    94 |   126 |    52 ||   272
       Plate armour      |       |       |   110 |       ||   110
Dodge: Dodged            |    59 |   179 |   213 |   148 ||   599
Block: Buckler           |       |    42 |    91 |    52 ||   185
       Rpst.: Falchion   |    16 |    14 |       |       ||    30
       Long sword        |       |    45 |    70 |    29 ||   144
       Scimitar          |       |       |       |    12 ||    12

Table legend:
 A = Non-vault XP
 B = Vault XP
 C = Vault XP percentage of total XP
 D = Non-vault monster count
 E = Vault monster count
 F = Vault count percentage of total count
                 A         B        C        D         E       F
            +---------+---------+-------+---------+---------+-------
      Total |    9808 |    3363 |  25.5 |     200 |      80 |  28.6
            +---------+---------+-------+---------+---------+-------
        D:1 |      49 |       0 |   0.0 |      23 |       0 |   0.0
        D:2 |      70 |      36 |  34.0 |      13 |       2 |  13.3
        D:3 |      59 |       3 |   4.8 |      13 |       1 |   7.1
        D:4 |      13 |       0 |   0.0 |       1 |       0 |   0.0
        D:5 |     491 |      27 |   5.2 |      21 |       7 |  25.0
        D:6 |     975 |     505 |  34.1 |      22 |       7 |  24.1
        D:7 |    1188 |     385 |  24.5 |      29 |       6 |  17.1
        D:8 |    2664 |       0 |   0.0 |      31 |       0 |   0.0
        D:9 |    2117 |       0 |   0.0 |      26 |       0 |   0.0
       D:10 |    1060 |     669 |  38.7 |      11 |       5 |  31.2
       D:11 |    1122 |    1419 |  55.8 |      10 |       4 |  28.6
      Sewer |       0 |     319 | 100.0 |       0 |      48 | 100.0
            +---------+---------+-------+---------+---------+-------
